 Dungeon Crawl Stone Soup version 0.16.1-29-g3e760ad (webtiles) character file.

113 Davic the Digger (level 5, -1/37 HPs)
             Began as a Formicid Earth Elementalist on June 9, 2015.
             Slain by a goblin (3 damage)
             ... on level 3 of the Dungeon.
             The game lasted 00:09:23 (2176 turns).

Davic the Digger (Formicid Earth Elementalist)      Turns: 2176, Time: 00:09:23

Health: -1/37      AC:  5    Str: 13    XL:     5   Next: 17%
Magic:  13/13      EV: 12    Int: 15    God:
Gold:   125        SH:  0    Dex: 11    Spells: 2 memorised, 8 levels left

rFire  . . .     SeeInvis +     q - +1 whip (flame)
rCold  . . .     Clarity  .     c - +0 robe
rNeg   . . .     SustAb   .     (no shield)
rPois  .         Gourm    .     (helmet unavailable)
rElec  .         Spirit   .     (no cloak)
rCorr  .         Warding  .     (no gloves)
rMut   .         Stasis   +     (no boots)
MR     .....                    (no amulet)
Stlth  ++........               (no ring)
                                n - +3 ring of protection

@: lethally poisoned (-1 -> -4), not resistant to hostile enchantments,
unstealthy
A: permanent stasis, dig shafts and tunnels, four strong arms, antennae 3
a: Dig, Shaft Self


You were on level 3 of the Dungeon.
You were very hungry.

You visited 1 branch of the dungeon, and saw 3 of its levels.

You collected 125 gold pieces.

Inventory:

Hand weapons
 q - a +1 whip of flaming (weapon)
Missiles
 b - 75 stones (quivered)
Armour
 c - a +0 robe (worn)
Jewellery
 n - a +3 ring of protection (left hand)
Scrolls
 e - 5 scrolls of remove curse {unknown}
 g - a scroll of random uselessness {unknown}
 h - a scroll of amnesia {unknown}
 i - a scroll of noise {unknown}
 l - 3 scrolls of teleportation {unknown}
 m - a scroll of fog {unknown}
 o - 2 scrolls of identify {unknown}
 s - 2 scrolls of enchant armour {unknown}
Potions
 j - 3 potions of curing {unknown}
 p - a potion of restore abilities {unknown}
 r - a potion of cancellation {unknown}
Books
 d - a book of Geomancy

   Spells                             Type                      Level
   a - Sandblast                      Earth                        1
   b - Stoneskin                      Transmutation/Earth          2
   c - Passwall                       Transmutation/Earth          3
   d - Stone Arrow                    Conjuration/Earth            3
   e - Petrify                        Transmutation/Earth          4
   f - Lee's Rapid Deconstruction     Earth                        5
Comestibles
 a - 3 bread rations
 f - 3 fruits
 k - a royal jelly
 t - a meat ration


   Skills:
 * Level 1.2 Fighting
 * Level 1.4 Armour
 + Level 2.2 Dodging
 * Level 2.7 Stealth
 * Level 3.5 Spellcasting
 + Level 1.1 Transmutations
 + Level 4.3 Earth Magic


You had 8 spell levels left.
You knew the following spells:

 Your Spells              Type           Power        Failure   Level  Hunger
a - Sandblast             Erth           ###...       3%          1    None
b - Stoneskin             Trmt/Erth      ##......     12%         2    ##.....


Dungeon Overview and Level Annotations

Branches:
Dungeon (3/15)

Altars:
Nemelex Xobeh

Annotations:
D:3 HDPLocust's ghost, weakling MiBe


Innate Abilities, Weirdness & Mutations

You are under a permanent stasis effect.
You can dig through walls and to a lower floor.
Your four strong arms can wield two-handed weapons with a shield.
You have a pair of large antennae on your head (SInv).


Message History

Found a scroll labeled VIOMNOWEME.
A bat, an adder and a goblin come into view.
The goblin shouts!
Found a stone staircase leading down.
You whack the bat! You burn the bat.
You kill the bat!
You hear the rusting of a distant drain.
The adder bites you.
* * * LOW HITPOINT WARNING * * *
HDPLocust's ghost barely misses you. The adder bites you.
* * * LOW HITPOINT WARNING * * *
You are poisoned.
The adder poisons you!
* * * LOW HITPOINT WARNING * * *
You feel sick. The goblin barely misses you.
HDPLocust's ghost yells, "Who would have thought, even in death it is a pleasure to sever!"
HDPLocust's ghost hits you.
* * * LOW HITPOINT WARNING * * *
The goblin hits you.
You die...

... #.#...#
##.#...####
#.>.......
#.....?..
#.......
#.#....#
#.##......#
#......S@.#
#######gS##
#WS# #g.# ###
#.s# .... #..#
###...#..#
?........######
..=....#.##{{.#
.S.


You could see HDPLocust's ghost, 2 adders, a giant mite, 2 goblins and a ball
python.

Vanquished Creatures
  6 adders
  3 worms
  3 giant geckos
  An ooze (D:1)
  8 bats
  5 goblins
  2 hobgoblins (D:2)
  7 kobolds
  4 giant cockroaches
  4 giant newts (D:2)
  A quokka (D:2)
  4 rats
48 creatures vanquished.

Notes
Turn   | Place    | Note
--------------------------------------------------------------
     0 | D:1      | Davic, the Formicid Earth Elementalist, began the quest for the Orb.
     0 | D:1      | Reached XP level 1. HP: 13/13 MP: 3/3
   225 | D:1      | Reached skill level 4 in Earth Magic
   225 | D:1      | Reached XP level 2. HP: 14/19 MP: 1/5
   722 | D:1      | Learned a level 2 spell: Stoneskin
   819 | D:2      | Reached XP level 3. HP: 23/25 MP: 1/7
   932 | D:2      | Found a sparkling altar of Nemelex Xobeh.
  1149 | D:2      | Reached XP level 4. HP: 31/31 MP: 6/10
  1420 | D:2      | Reached skill level 1 in Armour
  1946 | D:3      | Reached skill level 1 in Fighting
  1946 | D:3      | Reached XP level 5. HP: 19/37 MP: 11/13
  2139 | D:3      | Noticed HDPLocust's ghost (weakling MiBe)
  2176 | D:3      | Slain by a goblin

Action                   |  1- 3 |  4- 6 || total
-------------------------+-------+-------++-------
Melee: Mace              |    21 |       ||    21
       Unarmed           |     1 |       ||     1
       Whip              |     1 |   101 ||   102
 Cast: Sandblast         |    36 |       ||    36
 Stab: Sleeping          |       |     1 ||     1
  Eat: Chunk             |       |     3 ||     3
